 Dungeon Crawl Stone Soup version 0.21.1-1-g345015fe64 (webtiles) character file.

221 Ingvold the Chopper (level 5, -1/47 HPs)
             Began as a Hill Orc Fighter on May 18, 2018.
             Killed by nerve-wracking pain
             ... invoked by an orc priest
              (11 damage)
             ... on level 3 of the Dungeon.
             The game lasted 00:10:47 (1793 turns).

Ingvold the Chopper (Hill Orc Fighter)              Turns: 1793, Time: 00:10:47

Health: -1/47      AC:  9    Str: 20    XL:     5   Next: 98%
Magic:  5/5        EV:  5    Int:  8    God:
Gold:   150        SH: 10    Dex: 10    Spells: 4/4 levels left

rFire    . . .     SeeInvis .   a - +1 war axe
rCold    . . .     Gourm    .   c - +1 shield
rNeg     . . .     Faith    .   p - +0 chain mail
rPois    .         Spirit   .   (no helmet)
rElec    .         Reflect  .   (no cloak)
rCorr    .         Harm     .   (no gloves)
MR       .....                  (no boots)
Stlth    ..........             (no amulet)
HPRegen  0.15/turn              (no ring)
MPRegen  0.09/turn              (no ring)

@: about to teleport, very slow
A: no striking features
a: Convert to Beogh


You were on level 3 of the Dungeon.
You were not hungry.

You visited 1 branch of the dungeon, and saw 3 of its levels.

You collected 150 gold pieces.

Inventory:

Hand Weapons
 a - a +1 war axe (weapon)
Armour
 c - a +1 shield (worn)
 p - a +0 chain mail (worn)
Scrolls
 b - a scroll of noise {unknown}
 e - 4 scrolls of enchant armour
 h - a scroll of fear
 i - a scroll of identify
 j - a scroll of immolation {unknown}
 k - 3 scrolls of enchant weapon
 l - a scroll of remove curse {unknown}
 m - a scroll of magic mapping
 o - a scroll of random uselessness {unknown}
Potions
 d - 2 potions of might
 g - a potion of cancellation {unknown}
 r - a potion of curing {unknown}
Comestibles
 f - 3 rations


   Skills:
 + Level 4.6 Fighting
 * Level 4.7 Axes
 * Level 4.6 Armour
 * Level 4.6 Shields


You had 4 spell levels left.
You didn't know any spells.

Dungeon Overview and Level Annotations

Branches:
Dungeon (3/15)

Altars:
Trog


Message History

Beogh smites you!
You closely miss the orc priest. The orc priest hits you.
* * * LOW HITPOINT WARNING * * *
Okay, then.
As you read the scroll of teleportation, it crumbles to dust.
You feel strangely unstable. You block the orc wizard's attack.
The orc priest hits you.
* * * LOW HITPOINT WARNING * * *
Your unstable footing causes you to fumble your attack.
You block the orc wizard's attack. You block the orc priest's attack.
The orc wizard barely misses you.
You slash the orc priest!
The orc priest shouts, "Join the one true god or die!"
The orc priest is almost dead.
You hit the orc wizard but do no damage.
The orc priest hits you but does no damage.
You block the orc wizard's attack.
The orc priest invokes the aid of Beogh against you.
Pain shoots through your body!
You die...

...≈≈≈≈≈≈≈≈.##≈≈≈≈≈≈.#
...≈≈†≈≈≈≈...≈≈†≈≈≈≈.#
....≈≈≈≈≈≈.<.≈≈†≈≈≈..#
#.#≈†≈≈≈≈≈<..≈≈≈≈≈≈≈##
...≈≈≈≈≈≈≈≈.≈≈≈≈≈≈≈≈#
#.#.≈≈#≈≈≈≈[≈≈≈≈≈≈≈##
#.##.≈≈#≈≈[.≈.≈≈≈≈.##
#.#.#≈≈≈≈≈8..≈≈≈≈≈#.#
#.....≈≈#≈##≈≈≈o@##.#
#.###.#.≈≈#≈≈≈≈o###.#
#.#
#..##≈≈.≈≈##)##.########
#.# #.#
###.####...........# #..
.. ... #######.###.###
#. #.#..... #o#.#.#
#.....# #####.#####


You could see an orc priest and an orc wizard.

Vanquished Creatures
  A crimson imp (D:2)
  Robin (D:2)
  4 gnolls (D:2)
  5 adders
  10 dart slugs
  2 orcs (D:3)
  9 bats
  A giant cockroach (D:1)
  12 hobgoblins
  8 jackals
  8 kobolds
  A ball python (D:3)
  5 goblins
  10 rats
77 creatures vanquished.

Notes
Turn   | Place    | Note
-------+----------+-------------------------------------------
     0 | D:1      | Ingvold the Hill Orc Fighter began the quest for the Orb.
     0 | D:1      | Reached XP level 1. HP: 19/19 MP: 1/1
   191 | D:1      | Reached XP level 2. HP: 25/27 MP: 2/2
   449 | D:1      | Reached XP level 3. HP: 31/33 MP: 3/3
   940 | D:2      | Noticed Robin
   958 | D:2      | Killed Robin
   958 | D:2      | Reached XP level 4. HP: 33/40 MP: 4/4
  1319 | D:2      | Reached XP level 5. HP: 47/47 MP: 5/5
  1434 | D:2      | Found a bloodstained altar of Trog.
  1793 | D:3      | Killed from afar by an orc priest

Skill      XL: |  1  2  3  4 |
---------------+-------------+-----
Fighting       | 4 |  4.6
Axes           | 3 4 |  4.7
Armour         | 4 |  4.6
Shields        | 4 |  4.6

Action                   |  1- 3 |  4- 6 || total
-------------------------+-------+-------++-------
Melee: War axe           |    76 |   135 ||   211
  Use: Scroll            |     2 |     5 ||     7
  Eat: Chunk             |       |     3 ||     3
Armor: Scale mail        |    36 |     3 ||    39
       Chain mail        |       |    73 ||    73
Dodge: Dodged            |    18 |    39 ||    57
Block: Shield            |    39 |    87 ||   126
